 Dungeon Crawl Stone Soup version 0.21.0-25-ge575cb9 (webtiles) character file.

7584 Mgcat the Carver (level 10, 0/82 HPs)
             Began as a Demonspawn Berserker on Jan 24, 2018.
             Was a Priest of Trog.
             Killed from afar by a raiju (11 damage)
             ... with a living lightning
             ... on level 1 of the Abyss.
             The game lasted 00:24:21 (11376 turns).

Mgcat the Carver (Demonspawn Berserker)            Turns: 11376, Time: 00:24:22

Health: 0/82       AC: 20    Str: 17    XL:     10   Next: 97%
Magic:  0/10       EV:  6    Int:  9    God:    Trog [***...]
Gold:   653        SH:  0    Dex: 21    Spells: 9/9 levels left

rFire    . . .     SeeInvis .   N - +3 scimitar
rCold    . . .     Gourm    +   (no shield)
rNeg     . . .     Faith    .   k - +0 plate armour
rPois    .         Spirit   +   (no helmet)
rElec    .         Reflect  .   I - scarf {Spirit}
rCorr    .         Harm     .   (no gloves)
MR       .....                  G - +0 pair of boots
Stlth    ..........             C - amulet of the gourmand
HPRegen  0.23/turn              m - +4 ring of protection
MPRegen  0.12/turn              j - +5 ring of dexterity

@: about to teleport
A: claws 2, rugged brown scales 3
a: Berserk, Trog's Hand, Burn Spellbooks, Renounce Religion


You were on level 1 of the Abyss.
You worshipped Trog.
Trog was most pleased with you.
You were not hungry.

You visited 1 branch of the dungeon, and saw 11 of its levels.
You visited the Abyss 1 time.

You collected 653 gold pieces.

Inventory:

Hand Weapons
 l - a +0 falchion
 t - the +8 whip "Bithrorah" {vamp, *Corrode +Fly rPois MR-}
   (You found it on level 5 of the Dungeon)

   It inflicts no extra harm, but heals its wielder when it wounds a living foe.
   It protects you from poison.
   It affects your resistance to hostile enchantments.
   It lets you fly.
   It may corrode you when you take damage.
 N - a +3 scimitar (weapon)
Armour
 k - a +0 plate armour (worn)
 G - a +0 pair of boots (worn)
 I - a scarf of spirit shield (worn)
Jewellery
 j - a +5 ring of dexterity (right claw)
 m - a +4 ring of protection (left claw)
 C - an amulet of the gourmand (around neck)
Wands
 A - a wand of iceblast (11)
 L - a wand of random effects (16)
 M - a wand of flame (29)
Scrolls
 d - 4 scrolls of teleportation
 e - 2 scrolls of enchant weapon {unknown}
 g - a scroll of immolation {unknown}
 h - 4 scrolls of remove curse {unknown}
 p - 3 scrolls of magic mapping {unknown}
 r - 5 scrolls of amnesia {unknown}
 s - 2 scrolls of blinking {unknown}
 u - 2 scrolls of identify {unknown}
 w - a scroll of noise {unknown}
 y - 2 scrolls of enchant armour {unknown}
 E - a scroll of silence {unknown}
 H - a scroll of summoning {unknown}
 J - a scroll of fear {unknown}
Potions
 a - a potion of magic {unknown}
 b - a potion of agility {unknown}
 f - 5 potions of heal wounds
 i - a potion of lignification {unknown}
 n - 2 potions of flight {unknown}
 q - 4 potions of curing
 v - a potion of invisibility {unknown}
 x - a potion of berserk rage {unknown}
 z - 2 potions of haste {unknown}
 B - a potion of ambrosia {unknown}
 D - a potion of mutation {unknown}
 F - a potion of might
 K - a potion of brilliance {unknown}
Comestibles
 c - 15 rations


   Skills:
 + Level 6.6 Fighting
 + Level 13.3 Long Blades
 + Level 5.6 Armour
 - Level 1.7 Dodging


You had 9 spell levels left.
You didn't know any spells.

Dungeon Overview and Level Annotations

Branches:
Dungeon (11/15)            Temple (0/1) D:7
   Lair: D:8-11         Orc: D:9-12

Altars:
Gozag
Hepliaklqana
Nemelex Xobeh
Uskayaw
Wu Jian

Shops:
D:5 =   D:7 =

Annotations:
D:11 Sonja


Innate Abilities, Weirdness & Mutations

You have very sharp fingernails.
You are completely covered in rugged brown scales. (AC +3, +7% HP)


Message History

Unknown command.
The raiju bites you but does no damage.
The raiju bursts into living lightning!
The living lightning hits you!
The raiju blinks!
A raiju comes into view.
You completely miss the raiju.
The raiju barks!
The raiju bites you.
* * * LOW HITPOINT WARNING * * *
The raiju shocks you!
* * * LOW HITPOINT WARNING * * *
The raiju bites you but does no damage.
Unknown command.
The raiju bursts into living lightning!
The living lightning hits you!
* * * LOW HITPOINT WARNING * * *
The raiju blinks! x2
The raiju bursts into living lightning!
The living lightning hits you!
You die...

.#... . .#. . .# #.
.# ..... ....#
.##....# .#.#..... #
.# # ##..#..#.
..#### #...# . ##
###.# ..... .#..#.##
#.###..#.# ......
#.###§hh....#
...###....#h§#@#..##
.$..##.........## #.
.#....##..#.#.# .
.#........###..#
#.#.#....#... h.. .
. #.#......# ... # #
.#....... ...
##.######.## ...# .#


You could see 3 raiju.

Vanquished Creatures
  Harold (D:10)
  A manticore (D:11)
  Maurice (D:9)
  A centaur skeleton (D:11)
  A queen bee (D:9)
  Grinder (D:3)
  Sigmund (D:5)
  A wraith (D:10)
  Eustachio (D:4)
  Grum (D:8)
  A steam dragon (D:8)
  Menkaure (D:5)
  An orc warrior (D:7)
  An ice beast (D:5)
  3 sky beasts
  A black bear (D:8)
  2 ogres
  2 phantoms
  4 wolves (D:8)
  4 centaurs
  5 bullfrogs
  A scorpion (D:6)
  24 killer bees
  The ghost of ScottishVillain the Skirmisher, a weakling DsWn (D:3)
  7 wights
  An electric eel (D:10)
  4 howler monkeys (D:11)
  4 crimson imps
  A centaur zombie (D:8)
  2 quasits (D:7)
  A gnoll shaman (D:8)
  4 orc priests
  6 hounds
  A jelly (D:5)
  3 orc wizards
  A bullfrog skeleton (D:6)
  2 iguanas
  4 worker ants
  A hound skeleton (D:6)
  7 gnolls
  10 adders
  An ooze (D:2)
  2 adder skeletons (D:4)
  A dart slug (D:1)
  A worm (D:2)
  5 leopard geckos
  23 orcs
  3 bats
  4 giant cockroaches
  8 goblins
  6 hobgoblins
  18 jackals
  6 quokkas
  4 ball pythons
  4 frilled lizards
  6 kobolds
  A leopard gecko zombie (D:7)
  2 quokka skeletons
  3 rats
218 creatures vanquished.

Notes
Turn   | Place    | Note
-------+----------+-------------------------------------------
     0 | D:1      | Mgcat the Demonspawn Berserker began the quest for the Orb.
     0 | D:1      | Reached XP level 1. HP: 18/18 MP: 1/1
    49 | D:1      | Reached skill level 3 in Long Blades
   202 | D:1      | Gained mutation: You have sharp fingernails. [demonic ancestry]
   202 | D:1      | Reached XP level 2. HP: 19/24 MP: 2/2
  1073 | D:2      | Reached XP level 3. HP: 29/29 MP: 3/3
  1075 | D:2      | Reached skill level 4 in Long Blades
  1232 | D:3      | Gained mutation: You are partially covered in rugged brown scales. (AC +1, +3% HP) [demonic ancestry]
  1232 | D:3      | Reached XP level 4. HP: 4/36 MP: 4/4
  1233 | D:3      | HP: 1/36 [jackal (2)]
  1615 | D:2      | Reached ** piety under Trog
  1837 | D:2      | Found a sparkling altar of Nemelex Xobeh.
  1876 | D:3      | Noticed Grinder
  1877 | D:3      | Paralysed by Grinder for 4 turns
  1884 | D:3      | Paralysed by Grinder for 4 turns
  1897 | D:3      | Paralysed by Grinder for 2 turns
  1904 | D:3      | Killed Grinder
  1904 | D:3      | Reached skill level 6 in Long Blades
  1904 | D:3      | Gained mutation: You are mostly covered in rugged brown scales. (AC +2, +5% HP) [demonic ancestry]
  1904 | D:3      | Reached XP level 5. HP: 6/43 MP: 5/5
  1904 | D:3      | Gained mutation: You have very sharp fingernails. [demonic ancestry]
  1904 | D:3      | Reached XP level 6. HP: 7/49 MP: 6/6
  2338 | D:3      | Noticed ScottishVillain's ghost (weakling DsWn)
  2354 | D:3      | Killed ScottishVillain's ghost
  2881 | D:3      | Reached skill level 7 in Long Blades
  3104 | D:4      | Found an opulent altar of Gozag.
  3244 | D:4      | Reached XP level 7. HP: 50/54 MP: 7/7
  3533 | D:4      | Noticed Eustachio
  3570 | D:4      | Killed Eustachio
  3588 | D:4      | Reached skill level 8 in Long Blades
  4287 | D:5      | Entered Level 5 of the Dungeon
  4290 | D:5      | Got an ancient whip
  4293 | D:5      | Identified the +8 whip "Bithrorah" {vamp, *Corrode +Fly rPois MR-} (You found it on level 5 of the Dungeon)
  4302 | D:5      | Noticed Menkaure
  4310 | D:5      | Killed Menkaure
  4503 | D:5      | Reached skill level 9 in Long Blades
  4503 | D:5      | Gained mutation: You are completely covered in rugged brown scales. (AC +3, +7% HP) [demonic ancestry]
  4503 | D:5      | Reached XP level 8. HP: 36/62 MP: 8/8
  4763 | D:5      | Noticed Sigmund
  4773 | D:5      | Killed Sigmund
  5114 | D:5      | Found Kymempie's Jewellery Shoppe.
  5419 | D:6      | Reached skill level 10 in Long Blades
  5545 | D:6      | Found a hide-covered altar of Uskayaw.
  5642 | D:6      | Reached *** piety under Trog
  6061 | D:7      | Reached skill level 11 in Long Blades
  6095 | D:7      | Reached XP level 9. HP: 64/67 MP: 9/9
  6277 | D:7      | Found a staircase to the Ecumenical Temple.
  6377 | D:7      | Found Udghey Idyosi's Jewellery Shoppe.
  7068 | D:8      | Found an ornate altar of the Wu Jian Council.
  7069 | D:8      | Found a hazy altar of Hepliaklqana.
  7097 | D:8      | Noticed Grum
  7134 | D:8      | Killed Grum
  7134 | D:8      | Reached skill level 12 in Long Blades
  7839 | D:9      | Noticed Maurice
  8267 | D:9      | Killed Maurice
  8347 | D:9      | Reached XP level 10. HP: 75/75 MP: 10/10
  8909 | D:10     | Entered Level 10 of the Dungeon
  9062 | D:10     | Noticed Harold
  9116 | D:10     | Killed Harold
  9116 | D:10     | Reached skill level 5 in Fighting
  9265 | D:10     | Reached skill level 13 in Long Blades
  9415 | D:10     | HP: 3/118 [electric eel/bolt of electricity (7)]
 10335 | D:11     | Noticed a manticore
 10349 | D:11     | Killed a manticore
 10349 | D:11     | Reached skill level 5 in Armour
 10679 | D:11     | Noticed Sonja
 11198 | D:11     | Cast into level 1 of the Abyss (Sonja)
 11376 | Abyss:1  | Killed from afar by a raiju

Skill      XL: |  1  2  3  4  5  6  7  8  9 10 |
---------------+-------------------------------+-----
Long Blades    | 3 4 6 7 9 11 12 13 | 13.3
Armour         | 3 5 |  5.6
Fighting       | 4 6 |  6.6
Dodging        | |  1.7

Action                   |  1- 3 |  4- 6 |  7- 9 | 10-12 || total
-------------------------+-------+-------+-------+-------++-------
Melee: Falchion          |    78 |   183 |   107 |       ||   368
       Whip              |       |       |   375 |   171 ||   546
       Scimitar          |       |       |       |   129 ||   129
Invok: Berserk           |     1 |     4 |     9 |     6 ||    20
       Trog's Hand       |       |       |     9 |     6 ||    15
       Burn Spellbooks   |       |       |     1 |       ||     1
  Use: Potion            |     1 |     1 |     1 |       ||     3
       Scroll            |       |       |       |     1 ||     1
 Stab: Sleeping          |     1 |       |       |       ||     1
  Eat: Chunk             |     1 |    11 |    39 |     7 ||    58
       Ration            |       |       |     2 |     1 ||     3
Armor: Animal skin       |     4 |       |       |       ||     4
       Chain mail        |    69 |   125 |   278 |       ||   472
       Plate armour      |       |       |   162 |   268 ||   430
       Skin              |       |       |     6 |       ||     6
Dodge: Dodged            |    63 |    74 |   223 |   101 ||   461
       Rpst.: Falchion   |    19 |    27 |    18 |       ||    64
       Scimitar          |       |       |       |     7 ||     7
